Map: Simulacro EE

Players

Monfy

  • Race: Zerg Zerg
  • Spawn Location: 5:00

MrFercho - Winner!

  • Race: Terran Terran
  • League: Silver
  • Spawn Location: 11:00

VOD

Have the link to the VOD?

Description

Time

  • Played on: May 26, 2020, 9:52 a.m.
  • Length: 17:08
Show
View Real Time Build Order
Export as new Build Order

Monfy Zerg 

Build Orders: Pool First 

Get SALT Encoding   

  12  0:08  Drone  
  12  0:12  Drone  
  14  0:19  Overlord  
  14  0:42  Spawning Pool  
  13  0:45  Drone  
  14  0:50  Drone  
  14  0:51  Drone  
  16  1:16  Hatchery  
  15  1:20  Drone  
  15  1:22  Overlord  
  16  1:29  Queen  
  18  1:49  Zergling x6  
  21  2:05  Queen  
  21  2:07  Extractor  
  22  2:22  Drone  
  23  2:23  Zergling x2  
  24  2:48  Drone  
  24  2:49  Drone  
  26  2:52  Drone  
  26  2:53  Drone  
  26  2:56  Overlord x2  
  26  2:57  Overlord  
  28  3:17  Drone  
  28  3:18  Drone x2  
  31  3:29  Overlord x3  
  31  3:43  Queen  
  31  3:47  Drone x2  
  35  3:53  Drone x2  
  37  4:04  Drone x2  
  39  4:14  Roach Warren  
  38  4:33  Extractor  
  38  4:35  Drone x2  
  38  4:36  Drone  
  41  4:38  Drone x2  
  41  4:39  Drone  
  43  4:45  Drone  
  43  4:46  Drone x2  
  46  5:12  Zergling x2  
  46  5:13  Zergling x6  
  50  5:15  Metabolic Boost  
  50  5:26  Extractor  
  50  5:28  Drone x2  
  51  5:29  Overlord, Drone  
  51  5:30  Overlord x2  
  52  5:43  Baneling Nest  
  48  6:07  Zergling x12  
  48  6:08  Zergling x4  
  56  6:21  Queen  
  56  6:25  Drone x2  
  59  6:26  Drone  
  61  6:43  Baneling  
  61  6:44  Baneling x5  
  61  6:45  Baneling x2  
  61  6:46  Baneling x4  
  61  6:55  Roach x5  
  61  6:59  Overlord x3  
  71  7:18  Roach  
  73  7:26  Extractor  
  72  7:52  Drone x2  
  72  7:53  Drone  
  72  7:54  Hatchery  
  74  8:02  Roach x6  
  74  8:03  Roach x3  
  92  8:10  Roach  
  94  8:27  Spine Crawler  
  94  8:28  Spine Crawler  
  92  9:08  Drone  
  62  10:27  Zergling x6  
  59  10:34  Pneumatized Carapace  
  53  10:52  Roach x5  
  53  10:53  Roach x6  
  53  10:54  Roach x5  
  81  11:02  Zergling x10  
  86  11:06  Drone x2  
  86  11:07  Drone  
  89  11:17  Queen  
  91  11:20  Zergling x8  
  95  11:27  Lair  
  95  11:41  Zergling x4  
  95  11:44  Zergling x6  
  100  11:48  Zergling x8  
  100  11:49  Zergling x2  
  105  11:56  Baneling x8  
  105  11:57  Baneling x3  
  105  12:02  Zergling x6  
  105  12:03  Zergling x2  
  105  12:06  Drone  
  105  12:07  Drone x2  
  112  12:13  Zergling x10  
  117  12:32  Ravager x5  
  117  12:33  Ravager x6  
  117  12:34  Ravager x2  
  130  12:39  Overlord x2  
  130  12:40  Overlord  
  130  12:43  Overlord x2  
  130  12:50  Overlord x2  
  104  14:08  Zergling x6  
  100  14:23  Zergling x6  
  103  14:27  Zergling x6  
  99  14:54  Roach x2  
  13  16:15  Evolution Chamber  
  12  16:19  Spawning Pool  
Show
View Real Time Build Order
Export as new Build Order

MrFercho Terran - Winner!

Build Orders:  

Get SALT Encoding   

  12  0:01  SCV  
  13  0:14  SCV  
  14  0:26  Supply Depot  
  14  0:28  SCV  
  15  0:48  SCV  
  16  0:50  Barracks  
  16  1:12  SCV  
  16  1:17  Refinery  
  17  1:24  SCV  
  18  1:33  Engineering Bay  
  18  1:41  Engineering Bay  
  18  1:53  Orbital Command  
  18  2:03  Marine  
  19  2:20  Refinery  
  19  2:21  Marine  
  20  2:47  Barracks Reactor  
  20  3:05  Supply Depot  
  20  3:10  Factory  
  20  3:15  Terran Infantry Weapons Level 1  
  20  3:25  Marine x2  
  22  3:36  SCV  
  23  3:43  Marine x2  
  23  3:48  SCV  
  26  3:55  Factory Tech Lab  
  26  4:00  SCV  
  26  4:01  Marine  
  28  4:05  Starport  
  28  4:12  SCV  
  29  4:33  Command Center  
  29  4:35  Supply Depot  
  29  4:36  Supply Depot  
  29  4:38  SCV  
  30  4:50  SCV  
  31  4:56  Siege Tank  
  34  5:03  SCV  
  35  5:15  SCV  
  35  5:16  Terran Infantry Armor Level 1  
  36  5:26  Armory  
  36  5:27  SCV  
  37  5:31  Starport Tech Lab  
  31  6:09  Marine x2  
  33  6:12  Orbital Command  
  33  6:16  Refinery  
  33  6:22  Terran Vehicle Weapons Level 1  
  33  6:24  Terran Infantry Weapons Level 2  
  33  6:26  Banshee  
  33  6:27  Marine  
  37  6:42  Refinery  
  37  6:48  SCV  
  37  6:53  Marine x2  
  40  7:00  SCV  
  41  7:07  Barracks  
  41  7:11  Marine x2, Banshee  
  41  7:12  SCV  
  47  7:23  Starport  
  47  7:25  SCV  
  47  7:26  Cloaking Field  
  47  7:29  Marine x2  
  50  7:37  SCV  
  51  7:47  Marine x2  
  53  7:55  Barracks  
  53  8:03  Neosteel Armor  
  53  8:09  Medivac  
  53  8:10  Medivac  
  57  8:13  Barracks Reactor  
  57  8:37  SCV  
  58  8:49  SCV  
  58  8:53  Banshee  
  62  9:09  Supply Depot  
  62  9:11  Sensor Tower  
  62  9:26  Missile Turret  
  62  9:29  Barracks Tech Lab  
  62  9:30  SCV  
  62  9:31  Supply Depot  
  63  9:33  Terran Infantry Weapons Level 3  
  63  9:42  SCV  
  64  9:49  Missile Turret  
  64  9:54  SCV  
  41  10:36  SCV  
  41  10:41  Marine x2  
  41  10:42  Marine  
  44  10:48  SCV  
  41  10:52  Siege Tank  
  42  10:59  Marine x3  
  42  11:00  SCV  
  46  11:10  Factory  
  46  11:13  SCV  
  46  11:15  Supply Depot  
  46  11:17  Marine x3  
  50  11:23  Combat Shield  
  50  11:24  Siege Tank  
  50  11:25  SCV, Terran Infantry Armor Level 2  
  54  11:30  Terran Vehicle And Ship Armor Level 1  
  54  11:34  Marine  
  54  11:35  Marine x2, Starport Tech Lab  
  54  11:37  Banshee  
  60  11:46  Supply Depot  
  60  11:50  SCV  
  60  11:53  Marine  
  62  12:02  SCV  
  63  12:10  Supply Depot, Medivac  
  63  12:15  SCV  
  66  12:20  Banshee  
  69  12:27  SCV  
  70  12:39  SCV  
  71  12:57  Marauder  
  73  13:00  Marine x2  
  73  13:03  Banshee  
  78  13:18  Marauder, Marine x2  
  82  13:25  Siege Tank  
  85  13:35  Marine  
  86  13:43  Marauder, Marine  
  51  16:03  Supply Depot  
  51  16:04  Supply Depot  
  51  16:05  Supply Depot  
  51  16:06  Supply Depot  
  51  16:11  Supply Depot  
  51  16:12  Supply Depot  
Tags
 
League
Silver
Matchup
TvZ
Opening
Pool First
Replay Pack
MrFercho
Spawn Locations
Cross Positions
Add a new tag
Caveats
  • Supply blocks, unpowered buildings, or Contaminate may cause inaccurate times.
  • Supply counts are checked every 10 seconds.